 Dungeon Sprint DCSS version 0.19.5 (webtiles) character file.

6646 lollosino the Imperceptible (level 11, -10/109 HPs)
             Began as a Kobold Assassin on May 8, 2017.
             Mangled by a demonic crawler (11 damage)
             ... in the Dungeon (Sprint I: "Red Sonja").
             The game lasted 00:13:33 (1980 turns).

lollosino the Imperceptible (Kobold Assassin)       Turns: 1980, Time: 00:13:34

Health: -10/109    AC: 10    Str: 20    XL:     11   Next: 22%
Magic:  11/11      EV: 20    Int: 15    God:
Gold:   234        SH:  0    Dex: 18    Spells: 0 memorised, 10 levels left

rFire  . . .     SeeInvis .     a - +3 dagger (drain)
rCold  + . .     Gourm    .     j - +2 robe {rC+}
rNeg   . . .     Faith    .     (shield restricted)
rPois  +         Spirit   .     (no helmet)
rElec  .         Reflect  .     d - +0 cloak
rCorr  .         Harm     .     o - +1 pair of gloves
MR     .....     NoTele   +     n - +2 pair of boots {Stlth+}
Stlth  ..........               t - amulet of regeneration
                                s - ring "Panuc" {Str+4 Int+3}
                                q - ring of poison resistance

@: mighty, berserking (expiring), very quick
A: carnivore 3
a: no special abilities


You were in the Dungeon.
You were very full.

You visited 1 branch You collected 1744 gold pieces.
You spent 1510 gold pieces at shops.

Inventory:

Hand Weapons
 a - a +3 dagger of draining (weapon)
 b - a +0 blowgun
Missiles
 e - 8 poisoned needles
 f - 8 curare-tipped needles
Armour
 d - a +0 cloak (worn)
 j - a +2 robe of cold resistance (worn)
 n - a +2 pair of boots of stealth (worn)
 o - a +1 pair of gloves (worn)
Jewellery
 q - a ring of poison resistance (left hand)
 s - the ring "Panuc" (right hand) {Str+4 Int+3}
   (You bought it in a shop in the Dungeon)

   [ring of intelligence]

   It affects your strength (+4).
   It affects your intelligence (+3).
 t - an amulet of regeneration (around neck)
Scrolls
 i - 2 scrolls of enchant armour
 m - a scroll of blinking
Potions
 h - 2 potions of curing
 k - 2 potions of magic
 r - a potion of heal wounds
Books
 p - a book of Conjurations

   Spells                             Type                      Level
   a - Magic Dart                     Conjuration                  1
   b - Searing Ray                    Conjuration                  2
   c - Dazzling Spray                 Conjuration/Hexes            3
   d - Fulminant Prism                Conjuration/Hexes            4
   e - Iskenderun's Mystic Blast      Conjuration                  4
   f - Iskenderun's Battlesphere      Conjuration/Charms           5


   Skills:
 * Level 10.6 Fighting
 * Level 16.1 Short Blades
 - Level 2.1 Throwing
 * Level 7.2 Dodging
 + Level 24.5 Stealth


You had 10 spell levels left.
You didn't know any spells.

Dungeon Overview and Level Annotations

Branches:
Dungeon (1/1)

Altars:
Cheibriados
Dithmenos
Elyvilon
Fedhas
Gozag
Hepliaklqana
Kikubaaqudgha
Makhleb
Nemelex Xobeh
Okawaru
Qazlal
Ru
Sif Muna
Trog
Uskayaw
Vehumet
Xom
Yredelemnul
Zin
The Shining One
Jiyva
Lugonu

Shops:
D **(%***}**%?=*([}


Innate Abilities, Weirdness & Mutations

You are small and have problems with some larger weapons.
You are carnivorous and can eat meat at any time.


Message History

You puncture the demonic crawler!
The demonic crawler is moderately wounded.
You puncture the demonic crawler!
The demonic crawler is heavily wounded.
The demonic crawler misses you. x2
The demonic crawler hits you but does no damage.
The demonic crawler barely misses you. The demonic crawler misses you.
The demonic crawler barely misses you.
You hit the demonic crawler.
The demonic crawler is heavily wounded.
You puncture the demonic crawler!
The demonic crawler is heavily wounded.
The demonic crawler completely misses you.
The demonic crawler hits you but does no damage.
The demonic crawler closely misses you.
The demonic crawler hits you but does no damage. x2
The demonic crawler barely misses you. The demonic crawler hits you.
* * * LOW HITPOINT WARNING * * *
The demonic crawler hits you!
You die...

###################
..#.)'..#__#..'..)#
.)'..#..'..'..#.ss##+#
#'#####'#__####)@s'..#
..#...#(####§§#####..+
###..##.#≈§§.§#..# +##
__##'#..+≈§§§§'..#
...'..._#≈§§§)#§.#
__##_.#'##§#####§###
__###'#.#[..)###.'.#
#####.####'###)###.#
...+...'.....')∩##.#


You could see 3 demonic crawlers.

Vanquished Creatures
  2 centaur warriors (D)
  Sonja (D)
  A deep troll (D)
  2 unseen horrors (D)
  An oklob plant (D)
  2 kobold demonologists (D)
  A demonic crawler (D)
  A hornet (D)
  A slime creature (D)
  2 redbacks (D)
  Sigmund (D)
  A yak (D)
  2 floating eyes (D)
  7 necrophages (D)
  An ogre (D)
  8 jellies (D)
  Ijyb (D)
  2 ballistomycetes (D)
37 creatures vanquished.

Vanquished Creatures (others)
  A gargoyle (D)
  2 ballistomycete spores (D)
3 creatures vanquished.

Grand Total: 40 creatures vanquished

Notes
Turn   | Place    | Note
-------+----------+-------------------------------------------
     0 | D        | lollosino the Kobold Assassin began the quest for the Orb.
     0 | D        | Reached XP level 1. HP: 12/12 MP: 1/1
     2 | D        | Noticed Ijyb
     5 | D        | Killed Ijyb
     5 | D        | Reached skill level 9 in Stealth
     5 | D        | Reached XP level 2. HP: 18/18 MP: 2/2
     5 | D        | Reached XP level 3. HP: 22/22 MP: 3/3
    12 | D        | Noticed an ogre
    15 | D        | Killed an ogre
    15 | D        | Reached skill level 12 in Stealth
    15 | D        | Reached XP level 4. HP: 28/28 MP: 4/4
    15 | D        | Reached XP level 5. HP: 32/32 MP: 5/5
    27 | D        | Noticed Sigmund
    40 | D        | Killed Sigmund
    40 | D        | Reached skill level 5 in Short Blades
    40 | D        | Reached skill level 15 in Stealth
    40 | D        | Reached XP level 6. HP: 19/39 MP: 6/6
   168 | D        | Found a deep blue altar of Sif Muna.
   170 | D        | Found a radiant altar of Vehumet.
   206 | D        | Found Difinkett's General Store.
   206 | D        | Found an ancient bone altar of Kikubaaqudgha.
   206 | D        | Found a hazy altar of Hepliaklqana.
   206 | D        | Found a stormy altar of Qazlal.
   206 | D        | Found a hide-covered altar of Uskayaw.
   206 | D        | Found a blossoming altar of Fedhas.
   206 | D        | Found a bloodstained altar of Trog.
   206 | D        | Found an iron altar of Okawaru.
   206 | D        | Found a basalt altar of Yredelemnul.
   206 | D        | Found a glowing golden altar of the Shining One.
   206 | D        | Found a snail-covered altar of Cheibriados.
   206 | D        | Found a sacrificial altar of Ru.
   206 | D        | Found a glowing silver altar of Zin.
   206 | D        | Found a shadowy altar of Dithmenos.
   206 | D        | Found a white marble altar of Elyvilon.
   206 | D        | Noticed a yak
   236 | D        | Killed a yak
   236 | D        | Reached skill level 5 in Fighting
   236 | D        | Reached skill level 17 in Stealth
   236 | D        | Reached XP level 7. HP: 3/44 MP: 7/7
   237 | D        | Found an opulent altar of Gozag.
   243 | D        | Found a sparkling altar of Nemelex Xobeh.
   247 | D        | Bought 3 scrolls of enchant armour for 292 gold pieces
   481 | D        | Found a burning altar of Makhleb.
   481 | D        | Found a viscous altar of Jiyva.
   481 | D        | Found a shimmering altar of Xom.
   481 | D        | Found a corrupted altar of Lugonu.
   481 | D        | Noticed a slime creature
   484 | D        | Killed a slime creature
   484 | D        | Reached skill level 18 in Stealth
   515 | D        | Bought a scroll of identify for 26 gold pieces
   515 | D        | Bought a scroll of enchant armour for 97 gold pieces
   522 | D        | Noticed Sonja
   526 | D        | Killed Sonja
   526 | D        | Reached skill level 19 in Stealth
   526 | D        | Reached XP level 8. HP: 49/52 MP: 8/8
   542 | D        | Found Vosush's General Store.
   570 | D        | Killed a gargoyle
   774 | D        | Noticed a deep troll
   778 | D        | Killed a deep troll
   778 | D        | Reached skill level 10 in Short Blades
   778 | D        | Reached skill level 21 in Stealth
   778 | D        | Reached XP level 9. HP: 57/57 MP: 9/9
   801 | D        | Found Veeneh's Armour Emporium.
   805 | D        | Bought a +1 pair of boots of stealth for 198 gold pieces
   805 | D        | Bought a +0 pair of gloves for 54 gold pieces
   844 | D        | Noticed a kobold demonologist
   845 | D        | Noticed a kobold demonologist
   847 | D        | Killed a kobold demonologist
   850 | D        | Killed a kobold demonologist
   886 | D        | Noticed a centaur warrior
   888 | D        | Noticed a centaur warrior
   890 | D        | Killed a centaur warrior
   890 | D        | Reached skill level 22 in Stealth
   890 | D        | Reached XP level 10. HP: 66/66 MP: 10/10
   891 | D        | Killed a centaur warrior
   909 | D        | Reached skill level 23 in Stealth
   920 | D        | Noticed an oklob plant
   922 | D        | Killed an oklob plant
   922 | D        | Reached skill level 5 in Dodging
   966 | D        | Reached skill level 15 in Short Blades
  1210 | D        | Killed an unseen horror
  1210 | D        | Reached skill level 10 in Fighting
  1210 | D        | Reached skill level 24 in Stealth
  1210 | D        | Reached XP level 11. HP: 31/70 MP: 11/11
  1260 | D        | Killed an unseen horror
  1637 | D        | Bought a scroll of identify for 22 gold pieces
  1692 | D        | Found Fikesot's Food Shoppe.
  1692 | D        | Found Gucaf's Weapon Shop.
  1692 | D        | Found Meamowia's General Store.
  1694 | D        | Found Ocis's General Store.
  1694 | D        | Found Amyok's Assorted Antiques.
  1694 | D        | Found Ukurull's Gadget Shoppe.
  1694 | D        | Found Senyus's General Store.
  1694 | D        | Found Obloept's General Store.
  1694 | D        | Found Uleg's Food Shop.
  1694 | D        | Found Nilacrui's Magic Scroll Shoppe.
  1698 | D        | Bought a potion of might for 44 gold pieces
  1698 | D        | Found Kaupni's Jewellery Boutique.
  1699 | D        | Found Eckeuni Lac's Antique Weapon Emporium.
  1699 | D        | Found Xaosulu's General Store.
  1700 | D        | Found Zurept's Gadget Emporium.
  1703 | D        | Bought a scroll of enchant weapon for 105 gold pieces
  1707 | D        | Bought the ring "Panuc" {Str+4 Int+3} for 342 gold pieces
  1707 | D        | Bought an uncursed amulet of regeneration for 330 gold pieces
  1757 | D        | Noticed a shining eye
  1757 | D        | Noticed a shining eye
  1757 | D        | Noticed a shining eye
  1976 | D        | HP: 3/109 [demonic crawler (9)]
  1980 | D        | HP: 1/109 [demonic crawler (3)]
  1980 | D        | Mangled by a demonic crawler

Skill      XL: |  1  2  3  4  5  6  7  8  9 10 11 |
---------------+----------------------------------+-----
Short Blades   | 3 4 5 6 9 10 13 15 16 | 16.1
Stealth        | 9 12 15 17 19 21 22 24 | 24.5
Fighting       | 3 4 5 6 7 9 10 | 10.6
Dodging        | 2 3 4 6 7 |  7.2
Throwing       | |  2.1

Action                   |  1- 3 |  4- 6 |  7- 9 | 10-12 || total
-------------------------+-------+-------+-------+-------++-------
Melee: Dagger            |     2 |    40 |    32 |   182 ||   256
  Use: Potion            |       |     2 |       |     5 ||     7
       Scroll            |       |       |     2 |     4 ||     6
 Stab: Sleeping          |     2 |     1 |     7 |     9 ||    19
       Distracted        |       |       |       |     1 ||     1
  Eat: Chunk             |     2 |       |     3 |       ||     5
       Meat ration       |       |       |       |     1 ||     1
Armor: Robe              |       |     3 |       |    37 ||    40
Dodge: Dodged            |       |    12 |       |   103 ||   115
